 Dungeon Crawl Stone Soup version 0.18-a0-801-gb01a236 (webtiles) character file.

179 Geeful the Insei (level 5, 0/38 HPs)
             Began as a Human Wanderer on Dec 14, 2015.
             Slain by an orc (2 damage)
             ... on level 3 of the Dungeon.
             The game lasted 00:10:20 (3547 turns).

Geeful the Insei (Human Wanderer)                   Turns: 3547, Time: 00:10:20

Health: 0/38       AC:  7    Str: 12    XL:     5   Next: 90%
Magic:  5/5        EV:  8    Int: 13    God:
Gold:   126        SH:  0    Dex: 13    Spells: 0 memorised, 4 levels left

rFire  . . .     SeeInvis .       - Unarmed
rCold  . . .     Clarity  .     r - +1 scale mail {rPois}
rNeg   + . .     SustAt   .     (no shield)
rPois  +         Gourm    +     (no helmet)
rElec  .         Spirit   .     (no cloak)
rCorr  .         Dismiss  .     (no gloves)
rMut   .         Stasis   .     (no boots)
MR     .....                    o - amulet of the gourmand
Stlth  ..........               (no ring)
                                q - ring of positive energy

@: confused, hasted, very quick, not resistant to hostile enchantments,
extremely unstealthy
A: no striking features
a: no special abilities


You were on level 3 of the Dungeon.
You were completely stuffed.

You visited 1 branch of the dungeon, and saw 4 of its levels.

You collected 126 gold pieces.

Inventory:

Hand Weapons
 b - a +2 blowgun
Missiles
 c - 6 curare-tipped needles
Armour
 r - a +1 scale mail of poison resistance (worn)
Jewellery
 o - an amulet of the gourmand (around neck)
 q - a ring of positive energy (left hand)
Wands
 p - a wand of slowing (16)
Scrolls
 a - a scroll of remove curse {unknown}
 i - 3 scrolls of blinking {unknown}
 k - 2 scrolls of identify
 m - a scroll of amnesia {unknown}
 n - a scroll of noise {unknown}
 t - a scroll of fear {unknown}
Potions
 e - a potion of resistance
 j - a potion of brilliance
Comestibles
 f - 3 bread rations
 h - 3 meat rations
 l - 8 fruits
 s - a royal jelly


   Skills:
 - Level 2.0 Fighting
   Level 1.0 Long Blades
   Level 1.0 Axes
 - Level 1.0 Throwing
 - Level 3.0 Armour
 - Level 1.0 Stealth
   Level 1.0 Shields
 + Level 5.1 Unarmed Combat


You had 4 spell levels left.
You didn't know any spells.

Dungeon Overview and Level Annotations

Branches:
Dungeon (4/15)
 Temple: D:4-7

Altars:
Dithmenos
Kikubaaqudgha

Annotations:
D:3 Bobthepeanut's ghost, weakling MiGl


Message History

The orc wizard barely misses you. The orc barely misses you. The orc hits you.
* * * LOW HITPOINT WARNING * * *
The orc hits you with a dagger.
* * * LOW HITPOINT WARNING * * *
You hit the orc priest.
The orc priest is moderately wounded.
The orc wizard hits you but does no damage.
The orc hits you but does no damage.
The orc priest invokes the aid of Beogh against you.
Pain shoots through your body!
* * * LOW HITPOINT WARNING * * *
The orc hits you.
* * * LOW HITPOINT WARNING * * *
The orc barely misses you.
Drink which item? (? for menu, Esc to quit)
You feel yourself speed up. The orc wizard barely misses you.
The orc hits you but does no damage.
The orc priest hits you but does no damage.
The orc hits you.
You die...

#.........# #....# ##
#.........# ##########
#..).###.
#.........####........#
#......#.
#...........##........#
#....#...
#...............>(....#
#...>####
##############........#
#....# # ###
#...[....###>...# #.####
#..oo.........######
#....##
#..@o....#.##.......
#.##..####
#..oo....#.###.).##.
#.###....#######.....###
###.### #.#
####..)..###.###.# .## ...
#.##########...#.######...#
#..
#.#.........##.............
#.
#.#.........)....##..#....
# #.#..####.####....รท..# .
#.#..##.....##..###.##


You could see an orc priest, an orc wizard and 3 orcs.

Vanquished Creatures
  A vampire bat (D:3)
  An orc priest (D:3)
  4 adders
  A worm (D:2)
  5 orcs
  10 bats
  5 giant cockroaches
  11 goblins
  4 hobgoblins
  6 jackals (D:1)
  7 kobolds
  2 ball pythons
  2 giant geckos
  A giant newt (D:1)
  9 rats
69 creatures vanquished.

Notes
Turn   | Place    | Note
--------------------------------------------------------------
     0 | D:1      | Geeful the Human Wanderer began the quest for the Orb.
     0 | D:1      | Geeful set off with: 3 curare-tipped needles, a +2 blowgun, a +0 ring mail, a +0 falchion, a bread ration
     0 | D:1      | Reached XP level 1. HP: 16/16 MP: 1/1
   163 | D:1      | Reached skill level 1 in Unarmed Combat
   209 | D:1      | Reached XP level 2. HP: 17/22 MP: 2/2
   518 | D:1      | Reached XP level 3. HP: 24/27 MP: 3/3
  1323 | D:2      | Found a shadowy altar of Dithmenos.
  1924 | D:2      | Reached XP level 4. HP: 26/33 MP: 4/4
  2223 | D:3      | Found an ancient bone altar of Kikubaaqudgha.
  2279 | D:3      | Noticed Bobthepeanut's ghost (weakling MiGl)
  2584 | D:2      | Reached skill level 4 in Unarmed Combat
  2675 | D:3      | Reached XP level 5. HP: 31/38 MP: 5/5
  3285 | D:3      | Reached skill level 5 in Unarmed Combat
  3547 | D:3      | Slain by an orc

Vault maps used:
D:1:      denvon_arrival_planthouse, serial_forest,
          infiniplex_forest_lined_room_, infiniplex_forest_lined_1,
          infiniplex_forest_clump_long, infiniplex_forest_lined_3,
          infiniplex_forest_lined_4_way, infiniplex_forest_clump_tiny,
          infiniplex_forest_diagonal
D:2:      nicolae_overflow_crystal_walls, first_bread
D:3:      old_standard_altar, roderic_batcave, dk_noncrumbling_4
D:4:      fedhas_altar_4

Action                   |  1- 3 |  4- 6 || total
-------------------------+-------+-------++-------
Melee: Unarmed           |   215 |   146 ||   361
  Use: Scroll            |     1 |     3 ||     4
       Potion            |       |     3 ||     3
  Eat: Chunk             |     5 |    14 ||    19
